 Dungeon Crawl Stone Soup version 0.29.1-15-g9cfb28693d (webtiles) character file.

Game seed: 487226028127399797

26 Heoruswealwe the Digger (level 2, -6/15 HPs)
             Began as a Deep Elf Earth Elementalist on Apr 19, 2023.
             Mangled by an orc
             ... wielding a +4 whip
              (7 damage)
             ... on level 2 of the Dungeon.
             The game lasted 00:07:46 (759 turns).

Heoruswealwe the Digger (DEEE)                       Turns: 759, Time: 00:07:49

Health: -6/15      AC:  2    Str:  5    XL:     2   Next: 89%
Magic:  0/9        EV: 12    Int: 19    God:
Gold:   42         SH:  0    Dex: 15    Spells: 6/9 levels left

rFire   . . .      SeeInvis .   a - staff of earth
rCold   . . .      Faith    .   (no shield)
rNeg    + . .      Spirit   .   c - +0 robe
rPois   .          Reflect  .   (no helmet)
rElec   .          Harm     .   (no cloak)
rCorr   .          Rampage  .   (no gloves)
Will    .....                   (no boots)
Stlth   ++........              (no amulet)
HPRegen 0.05/turn               k - ring of positive energy
MPRegen 0.11/turn               (no ring)

@: no status effects
A: no striking features
a: no special abilities


You were on level 2 of the Dungeon.
You visited 1 branch of the dungeon, and saw 2 of its levels.

You collected 42 gold pieces.

Inventory:

Hand Weapons
 b - a +2 dagger of venom
Armour
 c - a +0 robe (worn)
Magical Staves
 a - a staff of earth (weapon)
Jewellery
 k - a ring of positive energy (left hand)
Scrolls
 e - a scroll of identify {unknown}
 h - a scroll of vulnerability {unknown}
 j - a scroll of blinking {unknown}
 l - a scroll of butterflies {unknown}
Potions
 d - a potion of resistance {unknown}
 g - 2 potions of curing {unknown}
 i - 2 potions of flight {unknown}
 m - a potion of magic


   Skills:
 - Level 2.4 Dodging
 - Level 2.4 Stealth
 + Level 4.0 Spellcasting
 - Level 1.1 Transmutations
 + Level 4.0 Earth Magic


You had 6 spell levels left.
You knew the following spells:

 Your Spells              Type           Power      Damage    Failure   Level
a - Sandblast             Erth           56%        2d13      2%          1
z - Passwall              Tmut/Erth      16%        N/A       8%          2

Your spell library contained the following spells:

 Spells                   Type           Power      Damage    Failure   Level
 Stone Arrow              Conj/Erth      34%        3d9       19%         3
 Call Canine Familiar     Summ           3%         N/A       38%         3
 Portal Projectile        Hex/Tloc       6%         N/A       38%         3
 Petrify                  Tmut/Erth      20%        N/A       43%         4
 Leda's Liquefaction      Hex/Erth       8%         N/A       52%         4


Dungeon Overview and Level Annotations

Branches:
Dungeon (2/15)

Altars:


Message History

The blast of sand hits the endoplasm!!
You kill the endoplasm!
The adder closely misses you.
You feel a surge of power!
The blast of sand hits the adder.
The adder is severely wounded.
The adder bites you. x2
You feel a surge of power!
The blast of sand hits the adder!
You kill the adder!
The frilled lizard hisses angrily.
Your Earth Magic skill increases to level 4!
You feel a surge of power!
The blast of sand hits the rat.
You kill the rat!
Your Spellcasting skill increases to level 4!
You feel a surge of power!
The blast of sand misses the frilled lizard.
You feel a surge of power!
The blast of sand hits the frilled lizard!
You kill the frilled lizard!
Found a faded altar of an unknown god.
An orc comes into view. It is wielding a +4 whip.
An orc and an orc priest come into view.
The orc moves out of view.
You see here a scroll labelled JAHATI GUIPO.
You can't see any susceptible monsters within range! (Use Z to cast anyway.)
The orc priest shouts!
The orc shouts!
You feel a surge of power!
The blast of sand hits the orc priest.
The orc priest is lightly wounded.
The orc priest calls down the wrath of Beogh upon you.
Beogh smites you!
Ouch! That really hurt!
* * * LOW HITPOINT WARNING * * *
Casting: Sandblast (safe; 2% risk of failure)
Confirm with . or Enter, or press ? or * to list all spells.
Aiming: Sandblast (safe; 2% risk of failure)
Press: ? - help, Shift-Dir - straight line, f/p - orc priest
Aim: an orc priest, wielding a +0 mace and wearing a +0 scale mail (lightly wounded, 85% to hit)
You feel a surge of power!
The blast of sand hits the orc priest!
The orc priest is almost dead.
The orc hits you with a +4 whip!
You die...

8.8....##########.#
._.8............<.###.#
8.8.........#####.....#
8......†#.######.#####
......#........<.#
##.###...#.#####...#
........##†# #.#.#
...####?##$# #.....
#@..#.# #.#>###
#o#.#..... .###.
.o......### # #
.....#.#.##
......o....# #.....##.#
# #..... ... ###.## #.


You could see an orc priest and 2 orcs.

Vanquished Creatures
  An adder (D:2)
  2 endoplasms
  3 hobgoblins
  A quokka (D:1)
  2 ball pythons (D:1)
  2 bats (D:1)
  4 frilled lizards
  2 goblins (D:1)
  2 rats
19 creatures vanquished.

Notes
Turn   | Place    | Note
-------+----------+-------------------------------------------
     0 | D:1      | Heoruswealwe the Deep Elf Earth Elementalist began the
                  | quest for the Orb.
     0 | D:1      | Reached XP level 1. HP: 10/10 MP: 6/6
   475 | D:1      | Reached XP level 2. HP: 15/15 MP: 4/8
   478 | D:1      | Learned a level 2 spell: Passwall
   754 | D:2      | Found a faded altar of an unknown god.
   759 | D:2      | Mangled by an orc

Illustrated notes

Levels and vault maps discovered:
D:1:      ebering_hopf_link, layout_basic
D:2:      layout_loops_ring, chequers_ecumenical_altar_simple_redux,
          grunt_decor_arrowhead, lemuel_flame_loot_1

Skill      XL: |  1  2 |
---------------+-------+-----
Earth Magic    | 4 |  4.0
Spellcasting   | 4 |  4.0
Dodging        | |  2.4
Stealth        | |  2.4
Transmutations | |  1.1

Action                   || total
-------------------------++-------
 Cast: Sandblast         ||    29
Armor: Robe              ||     1
Dodge: Dodged            ||     3
